 Dungeon Crawl Stone Soup version bcrawl-1.21 (webtiles) character file.

Game seed: 7676183569735142652

95 Yakui the Sneak (level 4, -6/34 HPs)
             Began as a Gnoll Archaeologist on Feb 16, 2020.
             Killed by divine providence
             ... invoked by an orc priest
              (10 damage)
             ... on level 3 of the Dungeon.
             The game lasted 00:04:24 (2602 turns).

Yakui the Sneak (Gnoll Archaeologist)               Turns: 2602, Time: 00:04:25

Health: -6/34      AC:  9    Str: 14    XL:     4   Next: 66%
Magic:  5/5        EV: 12    Int: 17    God:
Gold:   135        SH:  0    Dex: 13    Spells: 5/5 levels left

rFire    . . .     SeeInvis .   a - +0 whip
rCold    . . .     Gourm    .   (no shield)
rNeg     . . .     Faith    .   j - +0 scale mail
rPois    .         Spirit   .   c - +1 hat
rElec    .         Reflect  .   (no cloak)
rCorr    .         Harm     .   (no gloves)
MR       .....                  d - +1 pair of boots
Stlth    ++........             (no amulet)
HPRegen  0.11/turn              (no ring)
MPRegen  0.09/turn              (no ring)

@: no status effects
A: distributed training, fangs 1, strong nose
a: no special abilities


You were on level 3 of the Dungeon.
You were not hungry.

You visited 1 branch of the dungeon, and saw 3 of its levels.

You collected 135 gold pieces.

Inventory:

Hand Weapons
 a - a +0 whip (weapon)
Missiles
 b - 177 arrows
 i - 245 stones (quivered)
 n - 161 sling bullets
 o - 46 tomahawks
Armour
 c - a +1 hat (worn)
 d - a +1 pair of boots (worn)
 j - a +0 scale mail (worn)
Scrolls
 g - 2 scrolls of magic mapping
 k - 4 scrolls of identify {unknown}
 l - a scroll of teleportation {unknown}
 m - 2 scrolls of amnesia {unknown}
Potions
 h - 2 potions of curing {unknown}
 q - a potion of ambrosia {unknown}
 r - a potion of invisibility {unknown}
 s - a potion of magic {unknown}
 t - a potion of flight {unknown}
Miscellaneous
 f - a dusty tome
Comestibles
 e - 3 rations {!d}
 p - 3 chunks of flesh


   Skills:
 + Level 2.8 Fighting
 + Level 1.2 Short Blades
 + Level 1.2 Long Blades
 + Level 1.2 Axes
 + Level 2.8 Maces & Flails
 + Level 1.2 Polearms
 + Level 1.2 Staves
 + Level 1.2 Slings
 + Level 1.2 Bows
 + Level 1.2 Crossbows
 + Level 1.2 Throwing
 + Level 1.2 Armour
 + Level 6.6 Dodging
 + Level 6.6 Stealth
 + Level 1.2 Shields
 + Level 1.2 Unarmed Combat
 + Level 1.2 Spellcasting
 + Level 1.0 Conjurations
 + Level 1.0 Hexes
 + Level 1.0 Charms
 + Level 1.0 Summonings
 + Level 1.0 Necromancy
 + Level 1.0 Translocations
 + Level 1.0 Transmutations
 + Level 1.0 Fire Magic
 + Level 1.0 Ice Magic
 + Level 1.0 Air Magic
 + Level 1.0 Earth Magic
 + Level 1.0 Poison Magic
 + Level 1.3 Invocations
 + Level 1.2 Evocations


You had 5 spell levels left.
You didn't know any spells.
Your spell library contained the following spells:

 Spells                   Type           Power        Failure   Level  Hunger
 Apportation              Tloc           #.....       52%         1    ##.....
 Infusion                 Chrm           #.......     52%         1    ##.....
 Sandblast                Erth           #.....       52%         1    ##.....
 Slow                     Hex            #.......     52%         1    ##.....
 Summon Butterflies       Summ           #.......     52%         1    ##.....


Dungeon Overview and Level Annotations

Branches:
Dungeon (3/12)

Altars:
Fedhas
Makhleb


Innate Abilities, Weirdness & Mutations

Your experience applies equally to all skills.
You have very sharp teeth.
Your uncanny sense of smell can sniff out nearby items.


Message History

The orc hits you but does no damage.
The orc priest hits you but does no damage.
You closely miss the orc.
The orc is severely wounded.
The orc priest invokes the aid of Beogh against you.
Pain shoots through your body!
* * * LOW HITPOINT WARNING * * *
The orc hits you but does no damage.
You hit the orc but do no damage.
The orc is severely wounded.
The orc hits you but does no damage.
You hit the orc priest.
The orc priest is lightly wounded.
The orc priest barely misses you.
You closely miss the orc priest.
The orc priest is lightly wounded.
The orc barely misses you.
The orc priest mumbles some strange prayers to Beogh against you.
Beogh smites you!
You die...

#..... #..... ∆
#.)... #..... #.....
# #..... #.. #.....
##...########## #
######
.......So@o...#.#
#.....#######.#.#
#.... #........# #...
....####.############
#). # #.............
#. ############## #


You could see an orc priest, an adder and an orc.

Vanquished Creatures
  An orc wizard (D:3)
  An ooze (D:2)
  A worm (D:2)
  3 leopard geckos
  5 orcs (D:3)
  3 giant cockroaches (D:2)
  6 goblins
  8 hobgoblins
  A quokka (D:1)
  4 ball pythons
  4 bats
  A frilled lizard (D:2)
  8 kobolds
  7 rats
53 creatures vanquished.

Notes
Turn   | Place    | Note
-------+----------+-------------------------------------------
     0 | D:1      | Yakui the Gnoll Archaeologist began the quest for the Orb.
     0 | D:1      | Reached XP level 1. HP: 17/17 MP: 1/1
   264 | D:1      | Reached XP level 2. HP: 23/23 MP: 2/2
  1091 | D:2      | Reached XP level 3. HP: 25/28 MP: 3/3
  1506 | D:2      | Reached skill level 1 in Invocations
  1700 | D:2      | Reached skill level 1 in Short Blades
  1700 | D:2      | Reached skill level 1 in Long Blades
  1700 | D:2      | Reached skill level 1 in Axes
  1700 | D:2      | Reached skill level 1 in Polearms
  1700 | D:2      | Reached skill level 1 in Staves
  1700 | D:2      | Reached skill level 1 in Slings
  1700 | D:2      | Reached skill level 1 in Bows
  1700 | D:2      | Reached skill level 1 in Crossbows
  1700 | D:2      | Reached skill level 1 in Throwing
  1700 | D:2      | Reached skill level 1 in Armour
  1700 | D:2      | Reached skill level 1 in Shields
  1700 | D:2      | Reached skill level 1 in Unarmed Combat
  1700 | D:2      | Reached skill level 1 in Spellcasting
  1700 | D:2      | Reached skill level 1 in Evocations
  2014 | D:2      | Found a blossoming altar of Fedhas.
  2014 | D:2      | Found a burning altar of Makhleb.
  2099 | D:3      | Reached XP level 4. HP: 34/34 MP: 5/5
  2368 | D:3      | Reached skill level 1 in Conjurations
  2368 | D:3      | Reached skill level 1 in Hexes
  2368 | D:3      | Reached skill level 1 in Charms
  2368 | D:3      | Reached skill level 1 in Summonings
  2368 | D:3      | Reached skill level 1 in Necromancy
  2368 | D:3      | Reached skill level 1 in Translocations
  2368 | D:3      | Reached skill level 1 in Transmutations
  2368 | D:3      | Reached skill level 1 in Fire Magic
  2368 | D:3      | Reached skill level 1 in Ice Magic
  2368 | D:3      | Reached skill level 1 in Air Magic
  2368 | D:3      | Reached skill level 1 in Earth Magic
  2368 | D:3      | Reached skill level 1 in Poison Magic
  2602 | D:3      | Killed from afar by an orc priest

Skill      XL: |  1  2  3  4 |
---------------+-------------+-----
Invocations    | 1 |  1.3
Short Blades   | 1 |  1.2
Long Blades    | 1 |  1.2
Axes           | 1 |  1.2
Polearms       | 1 |  1.2
Staves         | 1 |  1.2
Slings         | 1 |  1.2
Bows           | 1 |  1.2
Crossbows      | 1 |  1.2
Throwing       | 1 |  1.2
Armour         | 1 |  1.2
Shields        | 1 |  1.2
Unarmed Combat | 1 |  1.2
Spellcasting   | 1 |  1.2
Evocations     | 1 |  1.2
Conjurations   | 1 |  1.0
Hexes          | 1 |  1.0
Charms         | 1 |  1.0
Summonings     | 1 |  1.0
Necromancy     | 1 |  1.0
Translocations | 1 |  1.0
Transmutations | 1 |  1.0
Fire Magic     | 1 |  1.0
Ice Magic      | 1 |  1.0
Air Magic      | 1 |  1.0
Earth Magic    | 1 |  1.0
Poison Magic   | 1 |  1.0
Fighting       | |  2.8
Maces & Flails | |  2.8
Dodging        | |  6.6
Stealth        | |  6.6

Action                   |  1- 3 |  4- 6 || total
-------------------------+-------+-------++-------
Melee: Whip              |   179 |    73 ||   252
       Bite              |    16 |     8 ||    24
       Punch             |     2 |       ||     2
Throw: Stone             |       |     5 ||     5
 Stab: Sleeping          |     4 |       ||     4
  Eat: Chunk             |     4 |     2 ||     6
Armor: Robe              |     9 |       ||     9
       Scale mail        |    57 |    35 ||    92
Dodge: Dodged            |   140 |    28 ||   168
